 Dungeon Crawl Stone Soup version 0.31-a0-1-g4198be8af4 (webtiles) character file.

Game seed: 8758332545809603359

16326 meatpath the Grappler (level 12, -4/126 HPs)
             Began as a Troll Monk on May 2, 2023.
             Was the Champion of Wu Jian.
             Slain by a five-headed hydra (7 damage)
             ... on level 2 of the Lair of Beasts.
             The game lasted 00:50:56 (11546 turns).

meatpath the Grappler (Troll Monk)                 Turns: 11546, Time: 00:50:57

Health: -4/126     AC: 20    Str: 26    XL:     12   Next: 9%
Magic:  11/11      EV: 11    Int:  6    God:    Wu Jian [******]
Gold:   1838       SH:  5    Dex: 12    Spells: 11/11 levels left

rFire   . . .        U - +0 dire flail (heavy)
rCold   . . .        (shield currently unavailable)
rNeg    . . .        M - +3 swamp dragon scales
rPois   +            (helmet restricted)
rElec   .            g - +1 cloak of Fortification {Rampage rCorr}
rCorr   +            (gloves unavailable)
SInv    .            (boots unavailable)
Will    .....        L - amulet of reflection
Stlth   +            l - ring of resist corrosion
HPRegen 1.21/turn    n - +4 ring of protection
MPRegen 0.12/turn

%: reflection, rampage
@: no status effects
A: large, unfitting armour, claws 3, regeneration 1, shaggy fur 1, tough skin 1
a: Renounce Religion, Wall Jump, Serpent's Lash, Heavenly Storm


You were on level 2 of the Lair of Beasts.
You worshipped Wu Jian.
Wu Jian was exalted by your worship.
You visited 2 branches of the dungeon, and saw 15 of its levels.
You also visited: Sewer and Ossuary.

You collected 1838 gold pieces.

Inventory:

Hand Weapons
 U - a +0 heavy dire flail (weapon)
Missiles
 u - 2 throwing nets (quivered)
 N - 9 large rocks
Armour
 c - an orb of light
 g - the +1 cloak of Fortification (worn) {Rampage rCorr}
   (You acquired it on level 4 of the Dungeon)

   rCorr:     It protects you from acid and corrosion.
   Rampage:   It bestows one free step when moving towards enemies.
 M - +3 swamp dragon scales (worn)
 R - a +0 troll leather armour
 T - +0 acid dragon scales
Jewellery
 i - a ring of flight
 l - a ring of resist corrosion (left claw)
 n - a +4 ring of protection (right claw)
 s - a ring of ice
 t - a ring of ice
 K - a ring of willpower
 L - an amulet of reflection (around neck)
Wands
 q - a wand of charming (4)
 v - a wand of roots (13)
 O - a wand of flame (12)
 S - a wand of mindburst (14)
Scrolls
 a - a scroll of identify
 j - 2 scrolls of fear
 k - 12 scrolls of teleportation
 m - 2 scrolls of fog
 o - a scroll of torment
 w - a scroll of immolation
 y - a scroll of vulnerability {unknown}
 C - 3 scrolls of blinking
 E - a scroll of noise {unknown}
 G - 2 scrolls of poison {unknown}
 J - 3 scrolls of silence {unknown}
 P - a scroll of enchant armour
Potions
 b - 2 potions of heal wounds
 d - 3 potions of might
 e - 4 potions of curing
 f - 2 potions of flight {unknown}
 h - 2 potions of lignification {unknown}
 p - 3 potions of invisibility {unknown}
 r - a potion of berserk rage {unknown}
 x - 4 potions of brilliance
 z - a potion of ambrosia
 A - 2 potions of attraction {unknown}
 B - 7 potions of degeneration {unknown}
 D - 3 potions of resistance {unknown}
 F - 4 potions of mutation {unknown}
 H - 5 potions of haste {unknown}
 I - a potion of magic {unknown}
Miscellaneous
 Q - a phantom mirror
 V - a phial of floods


   Skills:
 + Level 10.1 Fighting
 + Level 6.3 Armour
 - Level 7.7 Dodging
 + Level 11.9 Unarmed Combat


You had 11 spell levels left.
You didn't know any spells.
Your spell library contained the following spells:

 Spells                   Type           Power      Damage    Failure   Level
 Apportation              Tloc           0%         N/A       58%         1
 Magic Dart               Conj           0%         1d3       58%         1
 Call Imp                 Summ           0%         N/A       73%         2
 Mephitic Cloud           Conj/Pois/Air  0%         N/A       91%         3
 Stone Arrow              Conj/Erth      0%         3d7       91%         3
 Animate Armour           Summ/Erth      0%         N/A       100%        4
 Passage of Golubria      Tloc           0%         N/A       100%        4
 Summon Ice Beast         Ice/Summ       0%         N/A       100%        4
 Alistair's Intoxication  Tmut/Pois      0%         N/A       100%        5
 Fireball                 Conj/Fire      0%         3d3       100%        5
 Iskenderun's Battlesphe  Conj           0%         2d6       100%        5
 Silence                  Hex/Air        0%         N/A       100%        5
 Summon Mana Viper        Hex/Summ       0%         N/A       100%        5
 Conjure Ball Lightning   Conj/Air       0%         3x3d6     100%        6
 Monstrous Menagerie      Summ           0%         N/A       100%        7
 Orb of Destruction       Conj           0%         9d5       100%        7
 Lehudib's Crystal Spear  Conj/Erth      0%         10d2      100%        8


Dungeon Overview and Level Annotations

Branches:
Dungeon (12/15)            Temple (0/1) D:6            Lair (3/5) D:11
  Swamp (0/4) Lair:2          Orc (0/2) D:9           Sewer (visited)
Ossuary (visited)
  Snake: Lair:2-3    Spider: Lair:2-3

Altars:
Ashenzari
Hepliaklqana
Trog
Uskayaw
Wu Jian
Zin

Shops:
D:2 =   D:9 ([

Annotations:
D:12 1 runed translucent door, Sobieck's ghost, journeyman SpVM


Innate Abilities, Weirdness & Mutations

You are too large for most types of armour.
You have claws for hands.
Your natural rate of healing is unusually fast.
You are covered in fur. (AC +1)
You have tough skin. (AC +1)


Message History

The five-headed hydra bites you but does no damage.
The five-headed hydra bites you.
The five-headed hydra bites you but does no damage.
You block the five-headed hydra's attack.
The five-headed hydra barely misses you. x2
The five-headed hydra bites you but does no damage.
The five-headed hydra barely misses you.
You block the five-headed hydra's attack.
The five-headed hydra bites you!
* * * LOW HITPOINT WARNING * * *
You feel much better.
The five-headed hydra barely misses you.
You block the five-headed hydra's attack. x2
The five-headed hydra bites you. The five-headed hydra bites you!
* * * LOW HITPOINT WARNING * * *
The five-headed hydra attacks as you move away!
The five-headed hydra bites you.
* * * LOW HITPOINT WARNING * * *
The five-headed hydra bites you but does no damage.
The five-headed hydra bites you!
* * * LOW HITPOINT WARNING * * *
The five-headed hydra closely misses you.
The five-headed hydra bites you!
* * * LOW HITPOINT WARNING * * *
There is a stone staircase leading up here.
The five-headed hydra closely misses you.
The five-headed hydra barely misses you.
The five-headed hydra bites you!
* * * LOW HITPOINT WARNING * * *
You block the five-headed hydra's attack.
The five-headed hydra bites you but does no damage.
You climb upwards.
There is a stone staircase leading down here.
The five-headed hydra attacks as you move away!
The five-headed hydra bites you.
* * * LOW HITPOINT WARNING * * *
The five-headed hydra bites you but does no damage.
The five-headed hydra closely misses you.
The five-headed hydra bites you!
You die...

....P..PP##..P.####..............
.#.##....#####.###......#..P###..
........######.##...⌠.....### #.#
..............##........#+.####.#
.............#.......##.#.......#
........#.####..⌠...###.##......#
......##.⌠.##............#.......
......#.....#..D.........+......#
+P.#...⌠.<..+.⌠.@.⌠..⌠...#..#+#.#
.###..#.....#....................
..##..##.⌠..#............#....#.#
..#....#######..⌠.....#.##......P
.............#.........#...>..#..
..##......###....................
..#.......# #..##...⌠...+.....#.#
.###......# ######......##.P#....
+##.......### ####.............#


You could see a five-headed hydra.

Vanquished Creatures
  Josephine (D:10)
  Fannar (D:10)
  A boulder beetle (D:11)
  Sonja (D:11)
  A cyclops (D:12)
  An ugly thing (D:11)
  4 cane toads
  A kobold demonologist (D:11)
  Maggie (D:8)
  Psyche (D:11)
  6 komodo dragons
  2 trolls
  A hornet (D:9)
  6 slime creatures (D:12)
  2 shadows
  6 wraiths
  A basilisk (Lair:1)
  2 wyverns
  11 yaks
  3 vampire mosquitoes (D:12)
  A steam dragon (D:8)
  An acid dragon (D:11)
  2 water moccasins
  Duvessa (D:4)
  2 black bears (D:7)
  An ice beast (D:6)
  A sky beast (D:7)
  4 orc warriors
  3 centaurs
  A phantom (D:6)
  4 bullfrogs
  2 kobold brigands
  2 gnoll sergeants
  3 scorpions
  6 wights
  Dowan (D:4)
  3 killer bees (D:9)
  7 howler monkeys
  4 electric eels (D:10)
  A human zombie (Ossuary)
  2 centaur zombies (Ossuary)
  7 jellies
  7 orc priests
  A hound (D:7)
  A gnoll bouda (D:8)
  3 iguanas
  15 orc wizards
  2 mummies (Ossuary)
  9 gnolls
  6 adders
  3 river rats
  A shadow imp (D:7)
  3 worms
  4 dart slugs
  36 orcs
  19 endoplasms
  2 giant cockroaches
  7 hobgoblins
  2 jackals (D:3)
  2 quokkas
  9 ball pythons
  5 bats
  8 frilled lizards
  8 goblins
  3 goblin zombies (Ossuary)
  10 hobgoblin zombies (Ossuary)
  4 jackal zombies (Ossuary)
  15 kobolds
  6 kobold zombies (Ossuary)
  8 orc zombies (Ossuary)
  9 rats
  2 rat zombies (Ossuary)
322 creatures vanquished.

Vanquished Creatures (others)
  A wizard (D:9)
  8 plants
9 creatures vanquished.

Grand Total: 331 creatures vanquished

Notes
Turn   | Place    | Note
-------+----------+-------------------------------------------
     0 | D:1      | meatpath the Troll Monk began the quest for the Orb.
     0 | D:1      | Reached XP level 1. HP: 22/22 MP: 0/0
   228 | D:1      | Reached XP level 2. HP: 29/29 MP: 1/1
   930 | D:2      | Found a faded altar of an unknown god.
   967 | D:2      | Reached XP level 3. HP: 30/36 MP: 2/2
  1102 | D:2      | Found Riraduro's Jewellery Boutique.
  1563 | D:3      | Found a glowing silver altar of Zin.
  1653 | D:3      | Found an ornate altar of the Wu Jian Council.
  1653 | D:3      | Found a hazy altar of Hepliaklqana.
  1695 | D:3      | Became a worshipper of the Wu Jian Council
  1695 | D:3      | Reached * piety under Wu Jian
  1695 | D:3      | Reached ** piety under Wu Jian
  1754 | D:3      | Reached XP level 4. HP: 45/45 MP: 3/3
  2001 | D:3      | Reached skill level 4 in Unarmed Combat
  2423 | D:4      | Reached XP level 5. HP: 45/53 MP: 4/4
  2578 | D:4      | Noticed Duvessa
  2611 | D:4      | Killed Duvessa
  2612 | D:4      | Reached XP level 6. HP: 30/62 MP: 5/5
  2807 | D:4      | Noticed Dowan
  2812 | D:4      | Killed Dowan
  3035 | D:4      | Identified a scroll of acquirement
  3036 | D:4      | Acquired the +1 cloak of Fortification {Rampage rCorr}
  3061 | D:5      | Entered Level 5 of the Dungeon
  3126 | D:5      | Reached skill level 5 in Unarmed Combat
  3146 | D:5      | Identified the +1 rapier of the New World {freeze, Str+4}
  3520 | D:6      | Reached XP level 7. HP: 70/70 MP: 6/6
  3985 | D:6      | Reached *** piety under Wu Jian
  4114 | D:6      | Found a glowing drain.
  4123 | Sewer    | Entered a sewer
  4262 | Sewer    | Found a viscous altar of Jiyva.
  4318 | Sewer    | Reached skill level 5 in Dodging
  4318 | Sewer    | Reached skill level 6 in Unarmed Combat
  4351 | Sewer    | Reached skill level 5 in Fighting
  4591 | D:6      | Found a staircase to the Ecumenical Temple.
  4666 | D:6      | Noticed a +0 dagger
  4667 | D:6      | Noticed a +0 dagger
  4676 | D:6      | Reached XP level 8. HP: 61/80 MP: 7/7
  4769 | D:6      | Found a hide-covered altar of Uskayaw.
  5232 | D:7      | Reached **** piety under Wu Jian
  5320 | D:7      | Reached skill level 7 in Unarmed Combat
  5413 | D:7      | Acquired 845 gold pieces
  5549 | D:8      | Found a broken altar of Ashenzari.
  5587 | D:8      | Reached XP level 9. HP: 42/89 MP: 8/8
  5686 | D:8      | Reached skill level 8 in Unarmed Combat
  5815 | D:8      | Identified the +1 mace of Conservatism {drain, *Slow Int+5
                  | Stlth+}
  5981 | D:8      | Noticed Maggie
  5999 | D:8      | Killed Maggie
  6066 | D:8      | Found a sand-covered staircase.
  6071 | Ossuary  | Entered an ossuary
  6103 | Ossuary  | Reached ***** piety under Wu Jian
  6638 | D:9      | Found Zaet's Weapon Shop.
  6649 | D:9      | Reached skill level 9 in Unarmed Combat
  6649 | D:9      | Reached XP level 10. HP: 84/100 MP: 9/9
  6669 | D:9      | Found a staircase to the Orcish Mines.
  6690 | D:9      | Found Toso's Armour Shop.
  7426 | D:9      | Reached skill level 1 in Armour
  7588 | D:9      | Found a bloodstained altar of Trog.
  7590 | D:9      | Noticed a wizard
  7595 | D:9      | Killed a wizard
  7652 | D:10     | Entered Level 10 of the Dungeon
  7652 | D:10     | Noticed Fannar
  7669 | D:10     | Killed Fannar
  7810 | D:10     | Reached skill level 10 in Unarmed Combat
  7821 | D:10     | Noticed Josephine
  7835 | D:10     | Killed Josephine
  8148 | D:10     | Reached XP level 11. HP: 113/113 MP: 10/10
  8435 | D:10     | Reached ****** piety under Wu Jian
  8593 | D:11     | Noticed a boulder beetle
  8606 | D:11     | Killed a boulder beetle
  8799 | D:11     | Noticed a cyan ugly thing
  8808 | D:11     | Killed a cyan ugly thing
  8809 | D:11     | Reached skill level 11 in Unarmed Combat
  8946 | D:11     | Noticed Psyche
  8947 | D:11     | Noticed Sonja
  9016 | D:11     | Killed Psyche
  9179 | D:11     | Found a staircase to the Lair.
  9204 | D:11     | Reached skill level 5 in Armour
  9301 | D:11     | Killed Sonja
  9491 | D:12     | Noticed a skeletal warrior
  9491 | D:12     | Noticed a skeletal warrior
  9491 | D:12     | Noticed a skeletal warrior
  9491 | D:12     | Noticed a skeletal warrior
  9491 | D:12     | Noticed a skeletal warrior
  9626 | D:12     | Found a runed translucent door.
  9626 | D:12     | Noticed Sobieck's ghost (journeyman SpVM)
  9928 | Lair:1   | Entered Level 1 of the Lair of Beasts
 10774 | Lair:2   | Reached skill level 10 in Fighting
 10774 | Lair:2   | Reached XP level 12. HP: 110/126 MP: 11/11
 10975 | Lair:2   | Found a staircase to the Swamp.
 11528 | Lair:3   | Noticed a five-headed hydra
 11546 | Lair:2   | HP: 3/126 [five-headed hydra (6)]
 11546 | Lair:2   | Slain by a five-headed hydra

Illustrated notes

Levels and vault maps discovered:
D:1:      dpeg_arrival_signposts, layout_basic, chequers_jeans
D:2:      layout_rooms, nicolae_ecumenical_pavilion, serial_shops,
          nicolae_shop_gaudy_bauble, kennysheep_generic_room_14
D:3:      layout_loops_ring, nicolae_overflow_crystal_walls,
          nicolae_overflow_squiral
D:4:      layout_cave_pods, uniq_duvessa
D:5:      layout_basic
D:6:      layout_basic, dancing_weapons_uskayaw, minmay_temple_entry_fiery,
          gup_sewer_entry_bubbles, minmay_a_box_with_orc_wizards_in_it
D:7:      layout_rooms, kennysheep_generic_room_5
D:8:      layout_cave_pools, mainiacjoe_overflow_24_doors,
          nicolae_ossuary_entry_plus, mrwooster_statue_mirror,
          nicolae_grassy_gnolls, uniq_maggie
D:9:      layout_long_grid, trog_wizard, orc_david_3
D:10:     layout_roguey, water_maze_lemuel, uniq_fannar, uniq_josephine
D:11:     layout_loops_ring, david_lair_shrubbed, uniq_psyche, uniq_sonja
D:12:     layout_gridville, gammafunk_ghost_grave, serial_shops,
          nicolae_shop_rolling_square
Lair:1:   layout_regular_city, serial_bayou_shore_a
Lair:2:   layout_regular_city, swamp_mist_pool, serial_rivers,
          chequers_serial_rivers_room_b, chequers_serial_rivers_micro_c,
          chequers_serial_rivers_large_b, chequers_serial_rivers_room_b,
          chequers_serial_rivers_small_a, st_stairs_8, grunt_megastairs_3
Lair:3:   layout_long_grid, dummy_snake_entry, minmay_stone_trees_small,
          wad_woods_road_02, dreamdust_mushroom_princess,
          grunt_forest_small_clearings, lemuel_oklob_altar

Skill      XL: |  1  2  3  4  5  6  7  8  9 10 11 |
---------------+----------------------------------+-----
Fighting       | 3 4 5 6 7 8 10 | 10.1
Dodging        | 3 4 5 6 7 |  7.7
Unarmed Combat | 4 5 6 7 9 10 11 | 11.9
Armour         | 3 6 |  6.3

Action                     |  1- 3 |  4- 6 |  7- 9 | 10-12 || total
---------------------------+-------+-------+-------+-------++-------
  Melee: Unarmed           |    95 |    82 |   375 |   331 ||   883
         Dire flail        |       |       |       |     3 ||     3
Ability: Lunge             |     1 |    11 |       |       ||    12
         Wall Jump         |     1 |     2 |    21 |    11 ||    35
         Whirlwind         |       |       |    20 |    13 ||    33
    Use: Scroll            |     1 |     6 |     6 |     9 ||    22
         Potion            |       |       |       |     2 ||     2
 Armour: Robe              |    28 |     7 |   116 |     5 ||   156
         Swamp dragon scal |       |       |       |   143 ||   143
  Dodge: Dodged            |    34 |    25 |   144 |   125 ||   328
  Block: Orb               |       |       |       |    52 ||    52
         Reflection        |       |       |       |     5 ||     5
         Other             |       |       |       |     9 ||     9

Table legend: (Time is in decaauts)
 A = Elapsed time spent in this place.
 B = Non-inter-level travel time spent in this place.
 C = Inter-level travel time spent in this place.
 D = Time resting spent in this place.
 E = Time spent auto-exploring this place.
 F = Levels seen in this place.
 G = Mean time per level.
                   A        B        C        D        E       F      G
               +--------+--------+--------+--------+--------+-----+--------+
         Total |  11462 |  10818 |    644 |    814 |   6983 |  17 |  674.2 |
       Dungeon |   9509 |   8967 |    542 |    763 |   5756 |  12 |  792.4 |
          Lair |   1505 |   1403 |    102 |     47 |   1052 |   3 |  501.7 |
         Sewer |    239 |    239 |      0 |      0 |     89 |   1 |  239.0 |
       Ossuary |    209 |    209 |      0 |      4 |     86 |   1 |  209.0 |
               +--------+--------+--------+--------+--------+-----+--------+

Top non-repeatable levels by time:
     D:6: 1291 daAuts
    D:11: 1065 daAuts
     D:9: 1042 daAuts
     D:1: 928 daAuts
    D:10: 909 daAuts
     D:4: 901 daAuts
     D:8: 840 daAuts
  Lair:2: 738 daAuts
  Lair:1: 726 daAuts
     D:3: 663 daAuts
     D:2: 559 daAuts
     D:7: 490 daAuts
     D:5: 452 daAuts
    D:12: 363 daAuts
   Sewer: 239 daAuts
